 Dungeon Crawl Stone Soup version 0.25-a0-940-gc6eaff51cc (webtiles) character file.

Game seed: 2302975201350581349, levelgen mode: classic

3138 Amnesiac the Nimble (level 9, 0/54 HPs)
             Began as a Deep Elf Wizard on May 5, 2020.
             Was a Follower of Vehumet.
             Succumbed to a killer bee's poison
             ... on level 6 of the Dungeon.
             The game lasted 00:15:49 (8820 turns).

Amnesiac the Nimble (Deep Elf Wizard)               Turns: 8820, Time: 00:15:50

Health: 0/54       AC:  6    Str:  4    XL:     9   Next: 61%
Magic:  10/24      EV: 19    Int: 27    God:    Vehumet [*.....]
Gold:   372        SH:  0    Dex: 13    Spells: 16/27 levels left

rFire    . . .     SeeInvis .   a - +2 short sword (elec)
rCold    . . .     Gourm    .   (no shield)
rNeg     . . .     Faith    .   k - +0 robe
rPois    .         Spirit   .   (no helmet)
rElec    .         Reflect  .   t - +1 cloak
rCorr    .         Harm     .   u - +0 pair of gloves
MR       .....                  c - +0 pair of boots
Stlth    ++........             (no amulet)
HPRegen  0.18/turn              (no ring)
MPRegen  0.19/turn              (no ring)

@: lethally poisoned (0 -> -9), berserk cooldown, hasted and slowed
A: no striking features
a: Renounce Religion


You were on level 6 of the Dungeon.
You worshipped Vehumet.
Vehumet was aware of your devotion.
You were not hungry.

You visited 1 branch of the dungeon, and saw 7 of its levels.

You collected 372 gold pieces.

Inventory:

Hand Weapons
 a - a +2 short sword of electrocution (weapon)
 z - a +0 dagger of draining
Missiles
 i - 68 sling bullets
Armour
 c - a +0 pair of boots (worn)
 k - a +0 robe (worn)
 t - a +1 cloak (worn)
 u - a +0 pair of gloves (worn)
Magical Staves
 b - an uncursed staff of wizardry {!a}
Jewellery
 x - an uncursed ring of protection from fire {unknown}
 y - an uncursed ring of flight {unknown}
 G - an uncursed ring of protection from cold {unknown}
Wands
 H - a wand of polymorph (5)
Scrolls
 e - 8 scrolls of remove curse {!r, unknown}
 g - 8 scrolls of identify {!r, unknown}
 h - 2 scrolls of fear {!r, unknown}
 l - 3 scrolls of immolation {!r, unknown}
 m - a scroll of fog {!r, unknown}
 q - a scroll of enchant armour {!r, unknown}
 r - a scroll of noise {!r, unknown}
 w - a scroll of holy word {!r, unknown}
 D - a scroll of teleportation {!r, unknown}
 E - a scroll of amnesia {!r, unknown}
Potions
 f - 2 potions of berserk rage {!q}
 j - a potion of lignification {!q, unknown}
 n - a potion of haste {!q}
 o - a potion of flight {!q, unknown}
 p - 3 potions of curing {!q, unknown}
 s - 2 potions of degeneration {!q, unknown}
 v - a potion of brilliance {!q, unknown}
 A - a potion of stabbing {!q, unknown}
 B - a potion of mutation {!q, unknown}
 C - a potion of magic {!q, unknown}
Comestibles
 d - 11 rations


   Skills:
 + Level 5.2 Fighting
 * Level 11.2 Dodging
 - Level 2.4 Stealth
 + Level 9.5 Spellcasting
 - Level 4.0 Conjurations
 - Level 1.1 Summonings
 - Level 1.1 Translocations


You had 16 spell levels left.
You knew the following spells:

 Your Spells              Type           Power        Failure   Level  Hunger
a - Magic Dart            Conj           ####         1%          1    None
b - Call Imp              Summ           ###.....     4%          2    None
e - Mephitic Cloud        Conj/Pois/Air  ###.....     8%          3    None
s - Conjure Flame         Conj/Fire      ###.....     6%          3    None
v - Blink                 Tloc           N/A          4%          2    None

Your spell library contained the following spells:

 Spells                   Type           Power        Failure   Level  Hunger
 Shock                    Conj/Air       ###.         1%          1    None
 Slow                     Hex            ##......     7%          2    None


Dungeon Overview and Level Annotations

Branches:
Dungeon (7/15)             Temple (0/1) D:7

Altars:
Cheibriados
Elyvilon
Gozag
Kikubaaqudgha
Sif Muna
Trog
Vehumet
Yredelemnul
The Shining One

Annotations:
D:3 exclusion: moth of wrath
D:7 Dowan, Duvessa


Message History

The killer bee stings you.
* * * LOW HITPOINT WARNING * * *
You are lethally poisoned!
The killer bee poisons you! The killer bee misses you.
The killer bee stings you!
* * * LOW HITPOINT WARNING * * *
The killer bee closely misses you.
You hear a shout!
You climb upwards.
* * * LOW HITPOINT WARNING * * *
You feel very sick.
There is a stone staircase leading down here.
Casting: Magic Dart (safe; 1% risk of failure)
Confirm with . or Enter, or press ? or * to list all spells.
You blink.
* * * LOW HITPOINT WARNING * * *
You feel sick.
Casting: Blink (safe; 4% risk of failure)
Confirm with . or Enter, or press ? or * to list all spells.
Aiming: Mephitic Cloud (dangerous; 8% risk of failure)
Press: ? - help, Shift-Dir - straight line, f - killer bee
Aim: a killer bee The ball explodes into a vile cloud!
The stinking cloud engulfs the killer bee but does no damage.
* * * LOW HITPOINT WARNING * * *
You feel sick.
The killer bee is engulfed in noxious fumes.
The killer bee appears confused.
The killer bee is engulfed in noxious fumes.
The killer bee appears confused.
Really quaff
f - 3 viscous sapphire potions {!q}?
It was a potion of berserk rage {!q}.
A red film seems to cover your vision as you go berserk!
You feel yourself moving faster!
You feel mighty!
* * * LOW HITPOINT WARNING * * *
You feel sick.
The killer bee is engulfed in noxious fumes.
The killer bee appears confused.
You hit the killer bee.
The killer bee is lightly wounded.
The killer bee barely misses you.
You barely miss the killer bee.
The killer bee is lightly wounded.
* * * LOW HITPOINT WARNING * * *
You feel sick.
The killer bee is engulfed in noxious fumes.
The killer bee appears confused.
The killer bee stings the killer bee.
You are too berserk!
* * * LOW HITPOINT WARNING * * *
You feel sick.
The killer bee misses the killer bee.
The killer bee closely misses itself.
The killer bee stings the killer bee!
The killer bee barely misses the killer bee.
You feel a strong urge to attack something.
* * * LOW HITPOINT WARNING * * *
You feel sick.
* * * LOW HITPOINT WARNING * * *
You feel sick.
The killer bee barely misses the killer bee.
You feel your anger nearly subside.
You are no longer berserk.
You are exhausted.
You feel yourself slow down.
Really quaff
n - 2 sedimented grey potions {!q}?
It was a potion of haste {!q}.
You feel yourself speed up.
You die...

######### #.).....#
#.#####.######### #
#[# #.......@.# # #.#
#.#######.############
###.# #.#
#....yyy.>...# ....#
#.# ############.#
##### #.# #.# # #.#
####.# #########.#
##.##.# ..........#
##.#.#.# #########.#
##.###..#


There were no monsters in sight!

Vanquished Creatures
  Pikel (D:5)
  The ghost of jt the Digger, a novice GrEE (D:5)
  Sigmund (D:5)
  A hungry ghost (D:7)
  Menkaure (D:6)
  A water moccasin (D:5)
  2 orc warriors (D:6)
  4 slaves (D:5)
  2 phantoms (D:7)
  A centaur (D:6)
  4 ogres
  2 bullfrogs
  3 scorpions
  A killer bee (D:7)
  2 howler monkeys
  4 crimson imps
  2 hounds (D:4)
  2 jellies
  2 orc priests
  6 orc wizards
  Crazy Yiuf (D:5)
  Jessica (D:3)
  Terence (D:3)
  4 worker ants
  2 hound skeletons
  7 adders
  2 shadow imps (D:6)
  An ooze (D:4)
  3 worms
  3 dart slugs
  3 leopard geckos
  17 orcs
  2 ball pythons
  8 bats
  4 giant cockroaches
  3 goblins
  8 hobgoblins
  10 jackals
  3 kobolds
  A quokka (D:4)
  8 frilled lizards
  2 goblin skeletons (D:6)
  2 goblin zombies (D:6)
  A hobgoblin zombie (D:6)
  A jackal skeleton (D:7)
  A leopard gecko skeleton (D:7)
  An orc skeleton (D:6)
  3 orc zombies (D:6)
  9 rats
155 creatures vanquished.

Notes
Turn   | Place    | Note
-------+----------+-------------------------------------------
     0 | D:1      | Amnesiac the Deep Elf Wizard began the quest for the Orb.
     0 | D:1      | Reached XP level 1. HP: 10/10 MP: 7/7
   185 | D:2      | Reached XP level 2. HP: 15/15 MP: 2/9
   192 | D:2      | Learned a level 2 spell: Blink
   195 | D:2      | Learned a level 2 spell: Call Imp
   426 | D:2      | You fall into a shaft and drop 1 floor!
   430 | D:3      | Reached XP level 3. HP: 12/19 MP: 6/11
   435 | D:3      | Learned a level 3 spell: Conjure Flame
   439 | D:3      | Learned a level 3 spell: Mephitic Cloud
   832 | D:4      | Reached XP level 4. HP: 24/24 MP: 4/12
   837 | D:4      | Reached skill level 3 in Dodging
  1015 | D:4      | Found a white marble altar of Elyvilon.
  1169 | D:4      | Noticed an ogre
  1172 | D:4      | Killed an ogre
  1172 | D:4      | Reached skill level 1 in Fighting
  1172 | D:4      | Reached skill level 4 in Dodging
  1172 | D:4      | Reached skill level 5 in Spellcasting
  1172 | D:4      | Reached XP level 5. HP: 29/29 MP: 9/14
  1218 | D:4      | Found a basalt altar of Yredelemnul.
  1460 | D:4      | Reached XP level 6. HP: 23/35 MP: 5/16
  1986 | D:4      | Reached skill level 5 in Dodging
  2133 | D:5      | Entered Level 5 of the Dungeon
  2268 | D:5      | Noticed a slave
  2268 | D:5      | Noticed a slave
  2293 | D:6      | Noticed an orc warrior
  2385 | D:5      | Noticed Pikel
  2385 | D:5      | Noticed a slave
  2406 | D:5      | Killed a slave
  2416 | D:5      | Killed a slave
  2600 | D:5      | Noticed a slave
  2637 | D:5      | Killed a slave
  2658 | D:5      | Killed a slave
  2774 | D:5      | Killed Pikel
  2774 | D:5      | Reached skill level 7 in Dodging
  2774 | D:5      | Reached XP level 7. HP: 34/41 MP: 10/19
  2925 | D:5      | Noticed Sigmund
  2940 | D:5      | Killed Sigmund
  2940 | D:5      | Reached XP level 8. HP: 30/46 MP: 14/20
  3113 | D:5      | Found a large runed translucent door.
  3113 | D:5      | Found a large runed translucent door.
  3114 | D:5      | Noticed jt's ghost (novice GrEE)
  3451 | D:5      | Reached skill level 8 in Dodging
  3893 | D:5      | Found a runed translucent door.
  3894 | D:5      | Noticed Crazy Yiuf
  3957 | D:5      | Killed Crazy Yiuf
  4161 | D:5      | Killed jt's ghost
  4452 | D:6      | Reached skill level 9 in Dodging
  4640 | D:6      | Found an opulent altar of Gozag.
  4897 | D:6      | Found a glowing golden altar of the Shining One.
  5310 | D:6      | Reached XP level 9. HP: 52/52 MP: 12/23
  5495 | D:6      | Noticed Menkaure
  5505 | D:6      | Killed Menkaure
  5656 | D:6      | Found a radiant altar of Vehumet.
  5660 | D:6      | Became a worshipper of Vehumet
  5679 | D:6      | Found an ancient bone altar of Kikubaaqudgha.
  5691 | D:6      | Found a shimmering blue altar of Sif Muna.
  5697 | D:6      | Reached skill level 10 in Dodging
  5918 | D:1      | You fall into a shaft and drop 1 floor!
  6471 | D:1      | Reached * piety under Vehumet
  6471 | D:1      | Offered knowledge of Shock by Vehumet.
  7270 | D:3      | Noticed Terence
  7279 | D:3      | Killed Terence
  7331 | D:3      | Noticed a moth of wrath
  7334 | D:3      | Found a bloodstained altar of Trog.
  7737 | D:3      | Found a snail-covered altar of Cheibriados.
  7895 | D:3      | Noticed Jessica
  7899 | D:3      | Killed Jessica
  8145 | D:7      | Found a staircase to the Ecumenical Temple.
  8446 | D:7      | Reached skill level 5 in Fighting
  8637 | D:7      | Reached skill level 11 in Dodging
  8796 | D:7      | Noticed Dowan
  8799 | D:7      | Noticed Duvessa
  8817 | D:6      | HP: 4/81 [poisoned by a killer bee]
  8820 | D:6      | Succumbed to a killer bee's poison

Levels and vault maps discovered:
D:1:      mrwooster_arrival_statue, layout_basic
D:2:      layout_loops_ring, minmay_statues_item
D:3:      layout_rooms, nicolae_overflow_crystal_walls, tgw_trog, first_ration,
          uniq_terence, uniq_jessica
D:4:      layout_loops_corners, kennysheep_ying_yang, minmay_misc_feat_pillars
D:5:      layout_layer_cave, ebering_ghost_disaster_area, uniq_sigmund,
          uniq_pikel, uniq_crazy_yiuf_cottage
D:6:      layout_loops_ring, palyth_temple_overflow_mages,
          nicolae_gozag_cash_rules_everything_around_me, minmay_crystal_room,
          nicolae_tso_besieged_by_evil, uniq_menkaure
D:7:      cheibrodos_fzero, layout_rooms, old_standard_altar, okawaru_humans,
          kennysheep_mini_moat, minmay_temple_entry_stoned_glass, basic_altar,
          the_bakery, uniq_duvessa

Skill      XL: |  1  2  3  4  5  6  7  8  9 |
---------------+----------------------------+-----
Conjurations   | 2 3 4 |  4.0
Dodging        | 4 7 9 11 | 11.2
Fighting       | 1 3 4 5 |  5.2
Spellcasting   | 5 6 7 8 9 |  9.5
Stealth        | |  2.4
Summonings     | |  1.1
Translocations | |  1.1

Action                   |  1- 3 |  4- 6 |  7- 9 || total
-------------------------+-------+-------+-------++-------
Melee: Short sword       |       |    17 |    35 ||    52
 Cast: Magic Dart        |    53 |    85 |   373 ||   511
       Blink             |     1 |       |     1 ||     2
       Mephitic Cloud    |     1 |     9 |    18 ||    28
       Call Imp          |       |       |     4 ||     4
       Conjure Flame     |       |       |     3 ||     3
  Use: Potion            |       |       |     2 ||     2
 Stab: Confused          |       |     1 |     2 ||     3
  Eat: Chunk             |       |     5 |    16 ||    21
       Ration            |       |       |     1 ||     1
Armor: Robe              |     1 |     2 |    22 ||    25
Dodge: Dodged            |     4 |    22 |   107 ||   133

Table legend:
 A = Non-vault XP
 B = Vault XP
 C = Vault XP percentage of total XP
 D = Non-vault monster count
 E = Vault monster count
 F = Vault count percentage of total count
                 A         B        C        D         E       F
            +---------+---------+-------+---------+---------+-------
      Total |    2375 |    2108 |  47.0 |     116 |      35 |  23.2
            +---------+---------+-------+---------+---------+-------
        D:1 |      32 |       0 |   0.0 |      16 |       0 |   0.0
        D:2 |      73 |       0 |   0.0 |      21 |       0 |   0.0
        D:3 |     181 |      86 |  32.2 |      26 |       7 |  21.2
        D:4 |     418 |       0 |   0.0 |      17 |       0 |   0.0
        D:5 |     259 |    1118 |  81.2 |       5 |       4 |  44.4
        D:6 |    1058 |     307 |  22.5 |      23 |      14 |  37.8
        D:7 |     354 |     597 |  62.8 |       8 |      10 |  55.6
            +---------+---------+-------+---------+---------+-------
